 Dungeon Crawl Stone Soup version 0.29-a0-551-gffc1d7fb78 (webtiles) character file.

Game seed: 606693569228919211

3 shadowstone the Skirmisher (level 1, 0/14 HPs)
             Began as a Gargoyle Fighter on June 5, 2022.
             Slain by a kobold
             ... wielding a +0 dagger
              (2 damage)
             ... on level 1 of the Dungeon.
             The game lasted 00:00:26 (94 turns).

shadowstone the Skirmisher (Gargoyle Fighter)         Turns: 94, Time: 00:00:26

Health: 0/14       AC:  9    Str: 19    XL:     1   Next: 50%
Magic:  1/1        EV:  9    Int:  8    God:
Gold:   0          SH:  4    Dex:  9    Spells: 0/0 levels left

rFire   . . .      SeeInvis .     - Unarmed
rCold   . . .      Faith    .   b - +0 buckler
rNeg    + . .      Spirit   .   a - +0 scale mail
rPois   ∞          Reflect  .   (no helmet)
rElec   +          Harm     .   (no cloak)
rCorr   .          Rampage  .   (no gloves)
Will    .....                   (no boots)
Stlth   ..........              (no amulet)
HPRegen 0.04/turn               (no ring)
MPRegen 0.07/turn               (no ring)

@: no status effects
A: sickness immunity, AC +2, negative energy resistance 1, electricity
resistance, torment resistance 1, petrification resistance
a: no special abilities


You were on level 1 of the Dungeon.
You visited 1 branch of the dungeon, and saw 1 of its levels.

Inventory:

Armour
 a - a +0 scale mail (worn)
 b - a +0 buckler (worn)
Potions
 c - a potion of might


   Skills:
 + Level 3.4 Fighting
 + Level 3.3 Armour
 + Level 3.3 Shields
 + Level 2.0 Unarmed Combat


You couldn't memorise any spells.
You didn't know any spells.
Your spell library was empty.

Dungeon Overview and Level Annotations

Branches:
Dungeon (1/15)

Altars:


Innate Abilities, Weirdness & Mutations

You are immune to sickness and miasma.
Your stone body is resilient. (AC +2)
You are immune to poison.
You resist negative energy. (rN+)
You are resistant to electric shocks. (rElec)
You are resistant to unholy torment.
You are immune to petrification.


Message History

The kobold attacks as you move away! The kobold completely misses you.
The rat attacks as you move away! The rat barely misses you. x2
The kobold attacks as you move away! The kobold hits you but does no damage.
The rat attacks as you move away! The rat bites you but does no damage.
The rat attacks as you move away! The rat bites you but does no damage.
You barely miss the rat.
A kobold comes into view. It is wielding a +0 dagger.
The rat closely misses you. The rat barely misses you.
The kobold hits you but does no damage.
You barely miss the rat.
The kobold shouts!
You block the rat's attack. The kobold barely misses you.
The rat bites you but does no damage.
You hit the rat.
You kill the rat!
The rat bites you but does no damage. The kobold closely misses you.
The kobold throws a stone.
The stone barely misses you. The rat bites you. The kobold barely misses you.
You see here a rat corpse.
The kobold throws a stone.
The stone hits you but does no damage. The rat closely misses you.
The kobold closely misses you. The rat attacks as you move away!
You block the rat's attack. The kobold hits you but does no damage.
You see here a frilled lizard corpse.
You hit the kobold.
The kobold is heavily wounded.
The kobold barely misses you. The rat bites you but does no damage.
You miss the kobold.
The kobold is heavily wounded.
The kobold hits you but does no damage. The rat closely misses you.
The kobold hits you with a +0 whip.
You closely miss the kobold.
The kobold is heavily wounded.
The kobold barely misses you. The rat bites you.
The kobold hits you with a +0 whip.
* * * LOW HITPOINT WARNING * * *
You barely miss the kobold.
The kobold is heavily wounded.
The kobold hits you with a +0 dagger.
You die...

.....................
.....................
.................)...
.....(...............
.....................
.....................
#......K............
#...#@K...†.#....
#..#..r............
............>...#..
#.##............... ..
#............##. ##
#..............
#..###.......#..##..
.............#..# ..
#######.###############


You could see 2 kobolds and a rat.

Vanquished Creatures
  A giant cockroach (D:1)
  A frilled lizard (D:1)
  2 rats (D:1)
4 creatures vanquished.

Vanquished Creatures (others)
  A plant (D:1)
1 creature vanquished.

Grand Total: 5 creatures vanquished

Notes
Turn   | Place    | Note
-------+----------+-------------------------------------------
     0 | D:1      | shadowstone the Gargoyle Fighter began the quest for the
                  | Orb.
     0 | D:1      | Reached XP level 1. HP: 14/14 MP: 1/1
    94 | D:1      | Slain by a kobold

Illustrated notes

Levels and vault maps discovered:
D:1:      lightli_arrival_windingriver, layout_rooms,
          dreamdust_princess_corridor

Action                   || total
-------------------------++-------
Melee: Unarmed           ||    17
Armor: Scale mail        ||    18
Dodge: Dodged            ||    24
Block: Buckler           ||     5

Table legend: (Time is in decaauts)
 A = Elapsed time spent in this place.
 B = Non-inter-level travel time spent in this place.
 C = Inter-level travel time spent in this place.
 D = Time resting spent in this place.
 E = Time spent auto-exploring this place.
 F = Levels seen in this place.
 G = Mean time per level.
                   A        B        C        D        E       F      G
               +--------+--------+--------+--------+--------+-----+--------+
         Total |    101 |     92 |      9 |      0 |      0 |   1 |  101.0 |
       Dungeon |    101 |     92 |      9 |      0 |      0 |   1 |  101.0 |
               +--------+--------+--------+--------+--------+-----+--------+

Top non-repeatable levels by time:
     D:1: 101 daAuts
